[ AOE2 MATCH · #495973388 ]
UnrankedIncas vs Lithuanians
Player's team · WIN
[ REPLAY ANALYSIS · EXTRACTED FROM THE RECORDED GAME ]
Feudal
9:24
Castle
20:33
Imperial
39:12
| APM avg | 57.6 |
| APM peak | 108 |
| eAPM avg | 31.7 |
| Villagers / military | 188 / 188 |
Focus
⚔️ 42.3% · 🌾 57.7%
Kamayuk ×60 · Skirmisher ×58 · Spearman ×49 · Unknown (2550) ×44 · Fishing Ship ×16 · Monk ×11
Feudal
10:16
Castle
20:33
Imperial
44:15
| APM avg | 57.0 |
| APM peak | 85 |
| eAPM avg | 30.9 |
| Villagers / military | 180 / 231 |
Focus
⚔️ 38.3% · 🌾 61.7%
Militia ×87 · Cavalry Archer ×47 · Knight ×40 · Archer ×32 · Fishing Ship ×29 · Unknown (2626) ×18
Match map
Initial resources + every placement click. Lines = walls · curves = elevation contours. ◆ gold · ⬟ stone · ● berries · ✦ relic · ◌ wall gap
Your base· Open — unwalled flank
SneakySalmon's base· Open — unwalled flank
Smoothed initial terrain · ◌ = detected wall gap · hover for details
Inputs per minute
— OSO_CT - - SneakySalmon
Build order — OSO_CT
First 150 of 606 actions detected
| 0:00 | Queue | Villager (Male) |
| 0:01 | Queue | Villager (Male) |
| 0:01 | Queue | Villager (Male) |
| 0:01 | Queue | Villager (Male) |
| 0:02 | Build | House |
| 1:25 | Queue | Villager (Male) |
| 1:46 | Build | Settlement |
| 2:00 | Queue | Villager (Male) |
| 2:09 | Queue | Villager (Male) |
| 2:09 | Queue | Villager (Male) |
| 2:48 | Queue | Villager (Male) |
| 3:17 | Queue | Villager (Male) |
| 3:23 | Queue | Villager (Male) |
| 4:03 | Queue | Villager (Male) |
| 4:03 | Queue | Villager (Male) |
| 4:05 | Build | Dock |
| 4:26 | Queue | Villager (Male) |
| 4:45 | Build | Palisade Wall |
| 4:46 | Build | Palisade Wall |
| 4:47 | Queue | Fishing Ship |
| 4:54 | Build | Palisade Wall |
| 4:55 | Build | Palisade Wall |
| 5:07 | Queue | Villager (Male) |
| 5:18 | Queue | Villager (Male) |
| 5:26 | Queue | Fishing Ship |
| 5:34 | Queue | Villager (Male) |
| 6:14 | Queue | Fishing Ship |
| 6:18 | Queue | Villager (Male) |
| 6:18 | Research | Loom |
| 7:14 | Research | Feudal Age |
| 7:52 | Build | Barracks |
| 8:27 | Build | Palisade Wall |
| 8:32 | Build | Settlement |
| 8:52 | Queue | Unit 2550 |
| 8:53 | Queue | Unit 2550 |
| 9:03 | Build | Palisade Wall |
| 9:23 | Queue | Villager (Male) |
| 9:24 | Age | Feudal Age |
| 9:25 | Research | Double-Bit Axe |
| 9:27 | Queue | Villager (Male) |
| 10:04 | Queue | Villager (Male) |
| 10:26 | Research | Tech 1402 |
| 10:30 | Queue | Villager (Male) |
| 10:34 | Build | Settlement |
| 10:45 | Build | House |
| 10:49 | Queue | Villager (Male) |
| 10:54 | Build | Archery Range |
| 11:00 | Build | Palisade Wall |
| 11:01 | Build | Palisade Wall |
| 11:09 | Queue | Villager (Male) |
| 11:31 | Queue | Archer |
| 11:42 | Queue | Villager (Male) |
| 11:53 | Build | Dock |
| 11:56 | Queue | Fishing Ship |
| 12:03 | Build | Palisade Wall |
| 12:09 | Queue | Archer |
| 12:14 | Queue | Spearman |
| 12:19 | Queue | Villager (Male) |
| 12:29 | Queue | Villager (Male) |
| 12:46 | Queue | Unit 2550 |
| 12:48 | Queue | Villager (Male) |
| 13:01 | Queue | Fishing Ship |
| 13:07 | Queue | Archer |
| 13:07 | Queue | Villager (Male) |
| 13:10 | Build | Blacksmith |
| 13:30 | Queue | Archer |
| 13:52 | Queue | Archer |
| 13:58 | Queue | Unit 2550 |
| 14:01 | Queue | Villager (Male) |
| 14:03 | Build | Farm |
| 14:04 | Build | Farm |
| 14:17 | Queue | Skirmisher |
| 14:30 | Research | Fletching |
| 14:30 | Queue | Villager (Male) |
| 14:34 | Build | House |
| 14:42 | Queue | Fishing Ship |
| 14:42 | Queue | Fishing Ship |
| 15:07 | Queue | Unit 2550 |
| 15:16 | Queue | Villager (Male) |
| 16:04 | Queue | Villager (Male) ×5 |
| 16:04 | Queue | Villager (Male) |
| 16:12 | Queue | Skirmisher |
| 16:12 | Queue | Skirmisher |
| 16:19 | Queue | Fishing Ship |
| 16:23 | Queue | Villager (Male) |
| 16:37 | Queue | Fishing Ship |
| 16:58 | Queue | Villager (Male) |
| 17:02 | Build | Market |
| 17:07 | Build | Dock |
| 17:19 | Build | House |
| 17:20 | Build | Palisade Wall |
| 17:21 | Build | Palisade Wall |
| 17:38 | Queue | Fishing Ship |
| 17:53 | Research | Castle Age |
| 18:21 | Queue | Unit 2626 |
| 18:21 | Queue | Unit 2626 |
| 18:24 | Build | House |
| 18:43 | Build | Settlement |
| 18:59 | Queue | Archer |
| 19:19 | Queue | Unit 2626 |
| 19:31 | Queue | Fishing Ship |
| 20:02 | Queue | Unit 2550 |
| 20:02 | Queue | Unit 2550 |
| 20:14 | Queue | Unit 2626 |
| 20:33 | Age | Castle Age |
| 20:39 | Research | War Galley (upgrade) |
| 20:40 | Queue | Villager (Male) |
| 20:47 | Build | Town Center |
| 20:57 | Queue | Unit 2550 |
| 21:01 | Queue | Villager (Male) |
| 21:11 | Build | Barracks |
| 21:13 | Research | Scale Mail Armor |
| 21:15 | Queue | Villager (Male) |
| 21:19 | Queue | Villager (Male) |
| 21:26 | Queue | Unit 2626 |
| 21:39 | Queue | Villager (Male) |
| 21:50 | Research | Tech 1351 |
| 21:54 | Queue | Villager (Male) |
| 22:06 | Queue | Unit 2550 |
| 22:06 | Queue | Unit 2550 |
| 22:21 | Queue | Unit 2626 |
| 22:27 | Build | Farm |
| 22:29 | Queue | Villager (Male) |
| 22:32 | Queue | Villager (Male) |
| 22:47 | Queue | Unit 2626 |
| 22:50 | Queue | Villager (Male) |
| 22:56 | Build | Town Center |
| 23:03 | Queue | Unit 2550 |
| 23:03 | Queue | Unit 2550 |
| 23:30 | Queue | Unit 2626 |
| 23:32 | Queue | Villager (Male) |
| 23:32 | Queue | Villager (Male) |
| 23:41 | Queue | Villager (Male) |
| 23:41 | Queue | Villager (Male) |
| 23:42 | Queue | Villager (Male) |
| 23:54 | Queue | Unit 2550 |
| 23:54 | Queue | Unit 2550 |
| 23:54 | Queue | Unit 2550 |
| 23:54 | Queue | Unit 2550 |
| 24:09 | Queue | Villager (Male) |
| 24:09 | Queue | Villager (Male) |
| 24:27 | Queue | Villager (Male) |
| 24:33 | Queue | Unit 2550 |
| 24:45 | Queue | Unit 2550 |
| 24:53 | Queue | Villager (Male) |
| 24:53 | Queue | Villager (Male) |
| 24:54 | Queue | Villager (Male) |
| 24:57 | Build | Farm |
| 24:57 | Build | Farm |
| 25:12 | Queue | Villager (Male) |
Build order — SneakySalmon
First 150 of 681 actions detected
| 0:00 | Queue | Villager (Male) |
| 0:00 | Queue | Villager (Male) |
| 0:01 | Queue | Villager (Male) |
| 0:01 | Queue | Villager (Male) |
| 0:02 | Build | House |
| 0:04 | Build | House |
| 0:12 | Queue | Villager (Male) |
| 0:12 | Queue | Villager (Male) |
| 0:25 | Build | Lumber Camp |
| 2:04 | Queue | Villager (Male) |
| 2:39 | Build | Dock |
| 2:49 | Queue | Villager (Male) |
| 2:50 | Queue | Villager (Male) |
| 3:14 | Queue | Villager (Male) |
| 3:14 | Queue | Villager (Male) |
| 3:14 | Queue | Villager (Male) |
| 3:32 | Build | House |
| 3:38 | Build | Palisade Wall |
| 3:39 | Build | Palisade Wall |
| 3:44 | Queue | Villager (Male) |
| 3:48 | Queue | Fishing Ship |
| 4:14 | Queue | Villager (Male) |
| 4:26 | Queue | Fishing Ship |
| 4:33 | Queue | Villager (Male) |
| 4:55 | Build | House |
| 5:03 | Queue | Villager (Male) |
| 5:03 | Queue | Villager (Male) |
| 5:15 | Queue | Fishing Ship |
| 5:31 | Queue | Villager (Male) |
| 5:31 | Queue | Villager (Male) |
| 5:31 | Queue | Villager (Male) |
| 5:44 | Queue | Villager (Male) |
| 6:02 | Queue | Fishing Ship |
| 6:19 | Queue | Villager (Male) |
| 6:38 | Queue | Villager (Male) |
| 6:55 | Build | Barracks |
| 7:13 | Research | Loom |
| 7:19 | Queue | Villager (Male) |
| 7:27 | Queue | Fishing Ship |
| 7:32 | Build | House |
| 8:06 | Research | Feudal Age |
| 8:06 | Research | Feudal Age |
| 8:22 | Queue | Militia |
| 8:24 | Queue | Fishing Ship |
| 8:43 | Build | Mining Camp |
| 8:48 | Queue | Militia |
| 8:48 | Queue | Militia |
| 8:55 | Build | House |
| 9:02 | Queue | Militia |
| 9:10 | Queue | Fishing Ship |
| 9:42 | Build | House |
| 10:16 | Age | Feudal Age |
| 10:20 | Research | Man-at-Arms (upgrade) |
| 10:21 | Queue | Villager (Male) |
| 10:32 | Build | Archery Range |
| 10:42 | Research | Double-Bit Axe |
| 10:43 | Queue | Villager (Male) |
| 10:57 | Build | House |
| 11:17 | Queue | Villager (Male) |
| 11:20 | Queue | Fishing Ship |
| 11:22 | Research | Loom |
| 11:28 | Queue | Archer |
| 11:29 | Queue | Archer |
| 11:32 | Queue | Militia |
| 11:39 | Queue | Villager (Male) |
| 11:39 | Queue | Villager (Male) |
| 11:48 | Queue | Archer |
| 11:52 | Build | House |
| 11:55 | Build | Blacksmith |
| 11:59 | Queue | Fishing Ship |
| 12:16 | Queue | Archer |
| 12:17 | Queue | Militia |
| 12:28 | Queue | Villager (Male) |
| 12:48 | Build | Dock |
| 12:52 | Queue | Villager (Male) |
| 12:53 | Build | House |
| 13:10 | Research | Fletching |
| 13:10 | Research | Fletching |
| 13:16 | Queue | Fishing Ship |
| 13:29 | Queue | Villager (Male) |
| 13:30 | Queue | Villager (Male) |
| 13:55 | Queue | Archer |
| 13:57 | Queue | Militia |
| 13:58 | Queue | Villager (Male) |
| 13:59 | Queue | Fishing Ship |
| 13:59 | Queue | Fishing Ship |
| 14:23 | Queue | Archer |
| 14:24 | Queue | Villager (Male) |
| 14:24 | Queue | Villager (Male) |
| 14:38 | Queue | Archer |
| 14:41 | Queue | Fishing Ship |
| 14:41 | Queue | Fishing Ship |
| 14:47 | Queue | Skirmisher |
| 14:54 | Queue | Villager (Male) |
| 15:18 | Build | Mill |
| 16:00 | Queue | Archer |
| 16:00 | Queue | Villager (Male) |
| 16:16 | Queue | Fishing Ship |
| 16:16 | Queue | Fishing Ship |
| 16:16 | Queue | Fire Galley |
| 16:23 | Research | Tech 906 |
| 16:26 | Queue | Fishing Ship |
| 16:27 | Queue | Villager (Male) |
| 16:44 | Build | Archery Range |
| 16:55 | Queue | Villager (Male) |
| 16:58 | Queue | Archer |
| 17:07 | Build | House |
| 17:20 | Queue | Fishing Ship |
| 17:31 | Queue | Unit 2626 |
| 17:52 | Research | Castle Age |
| 18:16 | Queue | Archer |
| 18:17 | Queue | Archer |
| 18:20 | Queue | Fishing Ship |
| 18:24 | Build | House |
| 18:25 | Queue | Archer |
| 18:25 | Queue | Archer |
| 18:27 | Research | Padded Archer Armor |
| 18:32 | Build | Dock |
| 18:35 | Queue | Unit 2626 |
| 18:51 | Queue | Archer |
| 18:51 | Queue | Archer |
| 18:52 | Queue | Villager (Male) |
| 19:16 | Queue | Archer |
| 19:16 | Queue | Archer |
| 19:41 | Build | Lumber Camp |
| 19:43 | Queue | Archer |
| 19:43 | Queue | Archer |
| 19:48 | Queue | Fishing Ship |
| 19:56 | Queue | Unit 2626 |
| 20:02 | Build | House |
| 20:33 | Age | Castle Age |
| 20:53 | Queue | Unit 2626 |
| 21:01 | Research | War Galley (upgrade) |
| 21:02 | Research | Crossbowman (upgrade) |
| 21:03 | Research | Bodkin Arrow |
| 21:04 | Queue | Villager (Male) |
| 21:05 | Queue | Archer |
| 21:06 | Queue | Archer |
| 21:07 | Research | Bow Saw |
| 21:13 | Build | House |
| 21:33 | Queue | Archer |
| 21:34 | Queue | Archer |
| 21:47 | Queue | Unit 2626 |
| 21:51 | Queue | Unit 2626 |
| 21:52 | Queue | Villager (Male) |
| 21:52 | Queue | Villager (Male) |
| 21:52 | Queue | Villager (Male) |
| 22:13 | Build | Fish Trap |
| 22:22 | Queue | Villager (Male) |
| 22:22 | Queue | Villager (Male) |
Match timeline
| 2:39 | SneakySalmon · first_building Dock |
| 3:38 | SneakySalmon · wall_segment Palisade Wall x1 |
| 3:39 | SneakySalmon · wall_segment Palisade Wall x1 |
| 4:05 | OSO_CT · first_building Dock |
| 4:45 | OSO_CT · wall_segment Palisade Wall x1 |
| 4:46 | OSO_CT · wall_segment Palisade Wall x1 |
| 4:54 | OSO_CT · wall_segment Palisade Wall x1 |
| 4:55 | OSO_CT · wall_segment Palisade Wall x1 |
| 6:55 | SneakySalmon · first_building Barracks |
| 7:52 | OSO_CT · first_building Barracks |
| 8:27 | OSO_CT · wall_segment Palisade Wall x7 |
| 9:03 | OSO_CT · wall_segment Palisade Wall x1 |
| 9:24 | OSO_CT · age_up feudal |
| 10:16 | SneakySalmon · age_up feudal |
| 10:32 | SneakySalmon · first_building Archery Range |
| 10:54 | OSO_CT · first_building Archery Range |
| 11:00 | OSO_CT · wall_segment Palisade Wall x1 |
| 11:01 | OSO_CT · wall_segment Palisade Wall x1 |
| 12:03 | OSO_CT · wall_segment Palisade Wall x1 |
| 17:20 | OSO_CT · wall_segment Palisade Wall x5 |
| 17:21 | OSO_CT · wall_segment Palisade Wall x2 |
| 17:53 | OSO_CT · first_market_sell 100 food |
| 20:33 | SneakySalmon · age_up castle |
| 20:33 | OSO_CT · age_up castle |
| 20:44 | OSO_CT · first_market_buy 100 wood |
| 24:03 | SneakySalmon · first_building Stable |
| 25:32 | SneakySalmon · wall_segment Palisade Wall x1 |
| 26:35 | SneakySalmon · first_building Monastery |
| 26:37 | OSO_CT · first_building Monastery |
| 27:24 | SneakySalmon · wall_segment Palisade Wall x1 |
| 27:24 | SneakySalmon · wall_segment Palisade Wall x1 |
| 27:25 | SneakySalmon · wall_segment Palisade Wall x1 |
| 27:36 | SneakySalmon · wall_segment Palisade Wall x1 |
| 27:47 | SneakySalmon · wall_segment Palisade Wall x1 |
| 28:10 | SneakySalmon · wall_segment Palisade Wall x4 |
| 33:54 | OSO_CT · first_building Castle |
| 37:01 | SneakySalmon · first_building Castle |
| 39:12 | OSO_CT · age_up imperial |
| 44:15 | SneakySalmon · age_up imperial |
| 47:42 | SneakySalmon · first_building Siege Workshop |
| 48:43 | SneakySalmon · first_market_buy 100 wood |
| 52:56 | OSO_CT · first_building Siege Workshop |
| 53:26 | SneakySalmon · resign |
[ AI ANALYSIS · 1 CREDIT ]
What really happened in this match?
Wolo.gg analyzes every decision: build order, eco, micro, common mistakes by bracket. Personalized analysis on WhatsApp or Discord in 30 seconds.
Civ guide
Incas
Perfil
Jugador #5187661